 Dungeon Crawl Stone Soup version 0.27.1-3-gb3d3a73c9e (webtiles) character file.

Game seed: 1463124928156683787

67 unlimited1921 the Chiller (level 4, -9/32 HPs)
             Began as a Gnoll Ice Elementalist on Oct 24, 2021.
             Mangled by an orc (15 damage)
             ... on level 2 of the Dungeon.
             The game lasted 00:12:22 (2988 turns).

unlimited1921 the Chiller (Gnoll Ice Elementalist)  Turns: 2988, Time: 00:12:22

Health: -9/32      AC:  2    Str:  7    XL:     4   Next: 18%
Magic:  10/11      EV: 13    Int: 16    God:
Gold:   104        SH:  5    Dex: 12    Spells: 9/13 levels left

rFire    . . .     SeeInvis .   c - +0 hunting sling
rCold    . . .     Faith    .   (no shield)
rNeg     . . .     Spirit   .   a - +0 robe
rPois    .         Reflect  +   (no helmet)
rElec    .         Harm     .   (no cloak)
rCorr    .         Rampage  .   (no gloves)
Will     .....                  (no boots)
Stlth    ++........             f - amulet of reflection
HPRegen  0.10/turn              (no ring)
MPRegen  0.12/turn              (no ring)

@: no status effects
A: fangs 1, strong nose, distributed training
a: no special abilities


You were on level 2 of the Dungeon.
You visited 1 branch of the dungeon, and saw 2 of its levels.

You collected 104 gold pieces.

Inventory:

Hand Weapons
 c - a +0 hunting sling (weapon)
 h - a +0 short sword
 j - a +0 short sword
 l - a +0 hunting sling
 n - a +0 whip
Missiles
 d - 43 stones (quivered ammo)
 e - 3 datura-tipped darts
 i - 28 bolts
 m - 14 sling bullets
Armour
 a - a +0 robe (worn)
Jewellery
 f - an amulet of reflection (around neck)
Scrolls
 b - 2 scrolls of identify {unknown}
 g - a scroll of holy word {unknown}
Potions
 k - 2 potions of brilliance {unknown}


   Skills:
 + Level 1.0 Fighting
 + Level 1.0 Short Blades
 + Level 1.0 Long Blades
 + Level 1.0 Axes
 + Level 1.0 Maces & Flails
 + Level 1.0 Polearms
 + Level 1.0 Staves
 + Level 1.0 Slings
 + Level 1.0 Bows
 + Level 1.0 Crossbows
 + Level 1.0 Throwing
 + Level 1.0 Armour
 + Level 4.6 Dodging
 + Level 4.2 Stealth
 + Level 1.0 Shields
 + Level 1.0 Unarmed Combat
 + Level 5.0 Spellcasting
 + Level 0.8 Conjurations
 + Level 0.8 Hexes
 + Level 0.8 Summonings
 + Level 0.8 Necromancy
 + Level 0.8 Translocations
 + Level 0.8 Transmutations
 + Level 0.8 Fire Magic
 + Level 7.1 Ice Magic
 + Level 0.8 Air Magic
 + Level 0.8 Earth Magic
 + Level 0.8 Poison Magic
 + Level 1.1 Invocations
 + Level 1.0 Evocations


You had 9 spell levels left.
You knew the following spells:

 Your Spells              Type           Power      Damage    Failure   Level
a - Freeze                Ice            100%       1d11      1%          1
b - Ozocubu's Armour      Ice            26%        N/A       2%          3

Your spell library contained the following spells:

 Spells                   Type           Power      Damage    Failure   Level
 Frozen Ramparts          Ice            52%        1d7       2%          3
 Corpse Rot               Necr/Air       N/A        N/A       16%         2
 Poisonous Vapours        Pois/Air       12%        N/A       16%         2
 Hailstorm                Conj/Ice       16%        3d6       28%         4
 Freezing Cloud           Conj/Ice/Air   6%         6-21      77%         5


Dungeon Overview and Level Annotations

Branches:
Dungeon (2/15)

Altars:


Innate Abilities, Weirdness & Mutations

You have very sharp teeth.
Your uncanny sense of smell can sniff out nearby items.
Your experience applies equally to all skills.


Message History

d - 48 stones (gained 1)
d - 49 stones (gained 1)
You see here a +0 whip.
n - a +0 whip
Found 11 gold pieces.
You now have 104 gold pieces (gained 11).
An orc comes into view. It is wielding a +0 hand axe.
You shoot a stone. The stone hits the orc.
The orc shouts!
The orc is almost dead.
You hear a shout!
You shoot a stone. The stone barely misses the orc.
You shoot a stone. The stone barely misses the orc.
You shoot a stone. The stone hits the orc.
You kill the orc!
Found 17 gold pieces.
d - 46 stones (gained 1)
You see here a +0 hand axe.
An orc comes into view.
It is wielding a +1 war axe of distortion.
You shoot a stone. The orc shouts!
The stone hits the orc but does no damage.
You shoot a stone.
The stone hits the orc but does no damage.
An orc comes into view. It is wielding a +0 dagger.
You shoot a stone.
The stone hits the orc but does no damage.
The orc hits you with a +1 war axe of distortion!
Space warps horribly around you!
Casting: Freeze (safe; 1% risk of failure)
Confirm with . or Enter, or press ? or * to list all spells.
Aiming: Freeze (safe; 1% risk of failure)
Press: ? - help, Shift-Dir - straight line, f/p - orc
Aim: an orc, wielding a +1 war axe of distortion and wearing a +0 ring mail You freeze the orc.
The orc is almost dead.
The orc hits you with a +1 war axe of distortion!
* * * LOW HITPOINT WARNING * * *
Space warps horribly around you!
You die...

.........#.#.#
...........#.#
.........###.#
.........# #.#
.........# #.#
##.......# #.#
###.##.## #.#
#.. #.# #.# #.
#@# #.# #. #o#
#.# o.# #.#
(.(# #.# (...#
#.# ....$# #.#
####### #.#
#.# #.#


You could see 2 orcs.

Vanquished Creatures
  2 adders (D:2)
  3 dart slugs (D:1)
  An orc (D:2)
  A ball python (D:1)
  3 endoplasms
  A giant cockroach (D:1)
  A goblin (D:2)
  9 hobgoblins
  3 jackals (D:1)
  A kobold (D:1)
  A quokka (D:1)
  7 bats
  A frilled lizard (D:1)
  2 rats (D:2)
36 creatures vanquished.

Notes
Turn   | Place    | Note
-------+----------+-------------------------------------------
     0 | D:1      | unlimited1921 the Gnoll Ice Elementalist began the quest
                  | for the Orb.
     0 | D:1      | Reached XP level 1. HP: 13/13 MP: 6/6
   372 | D:1      | Reached XP level 2. HP: 2/19 MP: 0/7
  1198 | D:1      | Reached XP level 3. HP: 25/25 MP: 6/9
  1422 | D:1      | Reached skill level 5 in Spellcasting
  1543 | D:1      | Learned a level 3 spell: Ozocubu's Armour
  1570 | D:1      | Found a faded altar of an unknown god.
  2328 | D:2      | Reached skill level 1 in Invocations
  2481 | D:2      | Reached skill level 1 in Fighting
  2481 | D:2      | Reached skill level 1 in Short Blades
  2481 | D:2      | Reached skill level 1 in Long Blades
  2481 | D:2      | Reached skill level 1 in Axes
  2481 | D:2      | Reached skill level 1 in Maces & Flails
  2481 | D:2      | Reached skill level 1 in Polearms
  2481 | D:2      | Reached skill level 1 in Staves
  2481 | D:2      | Reached skill level 1 in Slings
  2481 | D:2      | Reached skill level 1 in Bows
  2481 | D:2      | Reached skill level 1 in Crossbows
  2481 | D:2      | Reached skill level 1 in Throwing
  2481 | D:2      | Reached skill level 1 in Armour
  2481 | D:2      | Reached skill level 1 in Shields
  2481 | D:2      | Reached skill level 1 in Unarmed Combat
  2481 | D:2      | Reached skill level 1 in Evocations
  2635 | D:2      | Reached XP level 4. HP: 27/32 MP: 8/11
  2988 | D:2      | Mangled by an orc

Illustrated notes

Levels and vault maps discovered:
D:1:      minmay_arrival_four_houses, layout_rooms,
          hellmonk_ecumenical_altar_inner_sanctum
D:2:      minmay_diamond_boxcup, layout_rooms, uniq_robin,
          uniq_crazy_yiuf_cottage

Skill      XL: |  1  2  3 |
---------------+----------+-----
Spellcasting   | 5 |  5.0
Invocations    | 1 |  1.1
Fighting       | 1 |  1.0
Short Blades   | 1 |  1.0
Long Blades    | 1 |  1.0
Axes           | 1 |  1.0
Maces & Flails | 1 |  1.0
Polearms       | 1 |  1.0
Staves         | 1 |  1.0
Slings         | 1 |  1.0
Bows           | 1 |  1.0
Crossbows      | 1 |  1.0
Throwing       | 1 |  1.0
Armour         | 1 |  1.0
Shields        | 1 |  1.0
Unarmed Combat | 1 |  1.0
Evocations     | 1 |  1.0
Dodging        | |  4.6
Stealth        | |  4.2
Conjurations   | |  0.8
Hexes          | |  0.8
Summonings     | |  0.8
Necromancy     | |  0.8
Translocations | |  0.8
Transmutations | |  0.8
Fire Magic     | |  0.8
Ice Magic      | |  7.1
Air Magic      | |  0.8
Earth Magic    | |  0.8
Poison Magic   | |  0.8

Action                   |  1- 3 |  4- 6 || total
-------------------------+-------+-------++-------
Melee: Unarmed           |     1 |       ||     1
 Fire: Hunting sling     |    21 |    14 ||    35
 Cast: Freeze            |    47 |     3 ||    50
Armor: Robe              |    11 |       ||    11
Dodge: Dodged            |    30 |     3 ||    33
Block: Other             |     3 |     2 ||     5
       Reflection        |       |     2 ||     2
